AoeStats
← Red Calypso

Arabia

508225754Analyzed
4v4 RM · 10d ago on Sep 21, 2026· 20m 28s· 8 players
Game mode
Random Map
Map size
Large (8 player)
Population
200
Speed
Normal
Resources
Standard
Victory
Conquest
Starting age
Dark Age
Ending age
Imperial Age
RankedLock teamsTeams togetherTeam positionsShared explorationLock speedFull tech treeHidden civsTurbo modeCheats
Victory
Defeat
🇫🇷 Malians · France
1575
+12
🇫🇷 Gurjaras · France
1562
+12
🇫🇷 Mongols · France
1509
+14
🇫🇷 Teutons · France
1399
+18
🇩🇪 Burmese · Germany
1494
-15
🇩🇪 Ethiopians · Germany
1485
-15
🇩🇪 Franks · Germany
1475
-14
🇦🇹 Celts · Austria
1426
-12
Red Calypso
6:43 Loom
9:26 Feudal Age
16:49 Fletching
LukasPlanet
6:01 Loom
9:28 Feudal Age
10:29 Double-Bit Axe
17:37 Scale Barding Armor
18:24 Forging
4k1m
6:28 Loom
8:52 Feudal Age
9:42 Horse Collar
9:49 Double-Bit Axe
16:22 Scale Barding Armor
17:12 Forging
18:41 Wheelbarrow
Dekodie
7:22 Loom
11:03 Feudal Age
19:20 Wheelbarrow
19:32 Padded Archer Armor
Balgrador
6:38 Loom
9:00 Feudal Age
9:56 Double-Bit Axe
15:38 Scale Barding Armor
18:14 Wheelbarrow
iFxrY
6:07 Loom
8:58 Feudal Age
9:01 Man-at-Arms
9:51 Double-Bit Axe
14:07 Fletching
15:42 Horse Collar
17:29 Padded Archer Armor
Superbrasseur
1:42 Loom
10:30 Feudal Age
11:09 Double-Bit Axe
14:52 Fletching
16:11 Scale Mail Armor
16:24 Padded Archer Armor
17:06 Horse Collar
18:54 Forging
Lil Fabrice
8:29 Feudal Age
9:34 Double-Bit Axe
9:56 Horse Collar
11:24 Loom
19:00 Wheelbarrow
18:47 Scale Barding Armor
22:06 Castle Age
20:38 Bloodlines
Connection lost

Rejoining the realm…

Still unreachable

The connection could not be restored.

Session expired

The server has moved on; the page needs a fresh start.